 Dungeon Crawl Stone Soup version 0.22.1-1-ga44c0e5 (webtiles) character file.

5494 Tarasboulda the Destroyer (level 10, 0/50 HPs)
             Began as a Deep Elf Conjurer on Sept 29, 2018.
             Was an Initiate of Vehumet.
             Slain by a purple ugly thing (19 damage)
             ... on level 9 of the Dungeon.
             The game lasted 00:33:03 (11286 turns).

Tarasboulda the Destroyer (Deep Elf Conjurer)      Turns: 11286, Time: 00:33:04

Health: 0/50       AC:  8    Str:  5    XL:     10   Next: 42%
Magic:  11/26      EV: 16    Int: 24    God:    Vehumet [......]
Gold:   521        SH:  0    Dex: 15    Spells: 19/30 levels left

rFire    . . .     SeeInvis .   z - staff of summoning
rCold    . . .     Gourm    +   (no shield)
rNeg     . . .     Faith    .   a - +1 robe
rPois    +         Spirit   .   D - +1 hat
rElec    .         Reflect  .   (no cloak)
rCorr    .         Harm     .   p - +2 pair of gloves
MR       +....                  s - +0 pair of boots
Stlth    ++++......             i - amulet of the gourmand
HPRegen  0.16/turn              y - ring of poison resistance
MPRegen  0.20/turn              u - ring of flight

@: no status effects
A: no striking features
a: Renounce Religion, Evoke Flight


You were on level 9 of the Dungeon.
You worshipped Vehumet.
Vehumet was noncommittal.
You were not hungry.

You visited 2 branches of the dungeon, and saw 10 of its levels.
You also visited: Sewer.

You collected 521 gold pieces.

Inventory:

Armour
 a - a +1 robe (worn)
 p - a +2 pair of gloves (worn)
 s - a +0 pair of boots (worn)
 D - a +1 hat (worn)
Magical Staves
 z - an uncursed staff of summoning (weapon)
Jewellery
 i - an amulet of the gourmand (around neck)
 q - a +4 ring of strength
 u - a ring of flight (right hand)
 y - a ring of poison resistance (left hand)
Wands
 B - a wand of polymorph (5)
Scrolls
 b - 2 scrolls of fog
 d - 4 scrolls of enchant armour
 g - 4 scrolls of remove curse
 m - 3 scrolls of blinking
 o - 2 scrolls of amnesia
 v - a scroll of magic mapping {unknown}
 w - a scroll of summoning {unknown}
 x - a scroll of teleportation
 A - 3 scrolls of identify
 C - a scroll of fear {unknown}
Potions
 e - 3 potions of heal wounds
 f - 3 potions of degeneration
 h - 6 potions of curing
 j - a potion of might
 k - 2 potions of lignification
 l - 2 potions of flight
 n - 2 potions of agility {unknown}
 r - a potion of cancellation {unknown}
 t - 2 potions of magic {unknown}
Comestibles
 c - 18 rations


   Skills:
 + Level 6.7 Dodging
 + Level 7.3 Stealth
 + Level 10.7 Spellcasting
 * Level 12.6 Conjurations


You had 19 spell levels left.
You knew the following spells:

 Your Spells              Type           Power        Failure   Level  Hunger
a - Magic Dart            Conj           ####         1%          1    None
b - Searing Ray           Conj           ######       1%          2    None
c - Force Lance           Conj/Tloc      #####...     3%          4    None
d - Fulminant Prism       Conj/Hex       #####.....   3%          4    None

Your spell library contained the following spells:

 Spells                   Type           Power        Failure   Level  Hunger
 Dazzling Spray           Conj/Hex       #####.       1%          3    None
 Iskenderun's Mystic Bla  Conj           ######..     1%          4    None
 Animate Skeleton         Necr           N/A          4%          1    None
 Apportation              Tloc           ##....       4%          1    None
 Confusing Touch          Hex            ##....       4%          1    None
 Summon Small Mammal      Summ           ###.         4%          1    None


Dungeon Overview and Level Annotations

Branches:
Dungeon (9/15)             Temple (1/1) D:5
   Lair: D:8-11         Orc: D:9-12

Altars:
Ashenzari
Cheibriados
Dithmenos
Elyvilon
Fedhas
Gozag
Hepliaklqana
Kikubaaqudgha
Makhleb
Okawaru
Qazlal
Ru
Sif Muna
Trog
Uskayaw
Vehumet
Wu Jian
Xom
Yredelemnul
Zin
The Shining One


Message History

Press: ? - help, Shift-Dir - straight line, f/p - purple ugly thing
Aim: a purple ugly thing (heavily wounded)
The lance of force hits the purple ugly thing.
The purple ugly thing is severely wounded.
The purple ugly thing is knocked back by the lance of force.
Casting: Force Lance (safe; 3% risk of failure)
Confirm with . or Enter, or press ? or * to list all spells.
Aiming: Searing Ray (safe; 1% risk of failure)
Press: ? - help, Shift-Dir - straight line, f/p - purple ugly thing
Aim: a purple ugly thing (severely wounded)
The searing ray hits the purple ugly thing.
The purple ugly thing is severely wounded. (Press . to maintain the ray.)
The searing ray hits the purple ugly thing.
The purple ugly thing is severely wounded.
The purple ugly thing trunk-slaps you!
The searing ray hits the purple ugly thing.
The purple ugly thing is almost dead.
The purple ugly thing trunk-slaps you!!
You die...

#######(#
####..........<.#
#.###.......##.##.####
#.##<# .....##.##.#
#.#.## .......#...#
#..## #.##.##.####
#.#.###.# #.##.#
#.##.#. #.##.#
.......####....#
##......u@...####
######.####.# #.# #.#
#.# #.# #. #.# #. #.#
#. #.# #. #.#


You could see a purple ugly thing.

Vanquished Creatures
  Joseph (D:7)
  Grinder (D:4)
  2 hippogriffs (D:8)
  A yak (D:8)
  Eustachio (D:6)
  A human (D:8)
  3 hogs (D:8)
  A sky beast (D:7)
  An orc warrior (D:8)
  5 ice beasts
  A phantom (D:4)
  6 centaurs
  4 ogres
  3 big kobolds
  3 bullfrogs
  2 scorpions
  5 wights (D:7)
  2 howler monkeys (D:8)
  2 crimson imps
  2 bullfrog zombies
  A quasit (Sewer)
  A centaur zombie (D:7)
  3 hounds
  2 gnoll shamans
  4 orc priests
  8 orc wizards
  A centaur skeleton (D:6)
  Terence (D:3)
  5 iguanas
  3 worker ants
  2 big kobold zombies (Sewer)
  Robin (D:4)
  A howler monkey skeleton (D:8)
  11 gnolls
  12 adders
  7 shadow imps
  3 ufetubi (Sewer)
  4 oozes
  3 adder skeletons
  6 worms
  2 dart slugs
  7 leopard geckos
  28 orcs
  2 ball pythons
  12 giant cockroaches
  22 goblins
  7 hobgoblins
  7 jackals
  4 quokkas
  14 bats
  2 frilled lizards (D:1)
  A jackal zombie (D:7)
  22 kobolds
  A kobold zombie (Sewer)
  A quokka skeleton (D:6)
  A quokka zombie (D:8)
  8 rats
  2 rat zombies (D:7)
269 creatures vanquished.

Vanquished Creatures (others)
  2 big kobold zombies (Sewer)
  8 fulminant prisms
10 creatures vanquished.

Grand Total: 279 creatures vanquished

Notes
Turn   | Place    | Note
-------+----------+-------------------------------------------
     0 | D:1      | Tarasboulda the Deep Elf Conjurer began the quest for the
                  | Orb.
     0 | D:1      | Reached XP level 1. HP: 10/10 MP: 6/6
   148 | D:1      | Reached XP level 2. HP: 15/15 MP: 6/8
   152 | D:1      | Learned a level 2 spell: Searing Ray
   460 | D:1      | Reached skill level 5 in Conjurations
   971 | D:2      | Found a shimmering altar of Xom.
  1051 | D:2      | Reached XP level 3. HP: 19/19 MP: 3/10
  2081 | D:3      | Reached XP level 4. HP: 24/24 MP: 9/12
  2246 | D:3      | Reached skill level 6 in Conjurations
  2403 | D:3      | Reached XP level 5. HP: 13/28 MP: 2/14
  2431 | D:2      | HP: 1/28 [orc/dagger (3)]
  2766 | D:3      | Noticed a centaur
  2774 | D:3      | Killed a centaur
  2774 | D:3      | Reached skill level 5 in Spellcasting
  2853 | D:3      | Reached skill level 7 in Conjurations
  2872 | D:3      | Found a faded altar of an unknown god.
  2876 | D:3      | Noticed Terence
  2886 | D:3      | Killed Terence
  2886 | D:3      | Reached XP level 6. HP: 18/32 MP: 6/16
  3384 | D:4      | Noticed Grinder
  3388 | D:4      | Paralysed by Grinder for 2 turns
  3400 | D:4      | Killed Grinder
  3400 | D:4      | Reached skill level 8 in Conjurations
  3400 | D:4      | Reached XP level 7. HP: 36/36 MP: 4/18
  3851 | D:4      | Found a glowing golden altar of the Shining One.
  3900 | D:4      | Noticed Robin
  3920 | D:4      | Killed Robin
  4515 | D:4      | Reached skill level 9 in Conjurations
  4822 | D:5      | Entered Level 5 of the Dungeon
  4950 | D:4      | Learned a level 4 spell: Force Lance
  4955 | D:4      | Learned a level 4 spell: Fulminant Prism
  5067 | D:5      | Reached XP level 8. HP: 39/41 MP: 1/21
  5375 | D:5      | Found a staircase to the Ecumenical Temple.
  5417 | D:5      | Found a glowing drain.
  5449 | Sewer    | Entered a sewer
  5782 | Sewer    | Found a burning altar of Makhleb.
  5886 | Sewer    | Reached skill level 10 in Conjurations
  6497 | Temple   | Entered the Ecumenical Temple
  7062 | D:6      | Found an iron altar of Okawaru.
  7238 | D:6      | Found a glowing golden altar of the Shining One.
  7323 | D:6      | Noticed Eustachio
  7342 | D:6      | Killed Eustachio
  7760 | D:6      | Found a shadowy altar of Dithmenos.
  7794 | D:6      | Found an ornate altar of the Wu Jian Council.
  7952 | D:7      | Reached XP level 9. HP: 41/45 MP: 18/24
  8264 | D:7      | Noticed Joseph
  8299 | D:7      | Killed Joseph
  8299 | D:7      | Reached skill level 11 in Conjurations
  8646 | D:7      | Reached skill level 5 in Stealth
  8878 | D:7      | Found a blossoming altar of Fedhas.
  8962 | D:7      | Reached skill level 5 in Dodging
  9118 | D:7      | Found an ancient bone altar of Kikubaaqudgha.
  9324 | D:7      | Found a glowing golden altar of the Shining One.
  9708 | D:8      | Reached skill level 10 in Spellcasting
  9869 | D:8      | Reached skill level 12 in Conjurations
 10036 | D:8      | Reached XP level 10. HP: 35/50 MP: 14/26
 10437 | D:8      | Found a white marble altar of Elyvilon.
 10781 | D:8      | Found a radiant altar of Vehumet.
 10814 | D:8      | Noticed an angel
 10815 | D:8      | Found a glowing silver altar of Zin.
 10831 | D:8      | Became a worshipper of Vehumet
 11276 | D:9      | Noticed a purple ugly thing
 11286 | D:9      | Slain by a purple ugly thing

Skill      XL: |  1  2  3  4  5  6  7  8  9 10 |
---------------+-------------------------------+-----
Conjurations   | 5 6 7 8 9 10 12 | 12.6
Spellcasting   | 4 5 6 7 9 10 | 10.7
Stealth        | 4 6 7 |  7.3
Dodging        | 3 5 6 |  6.7

Action                   |  1- 3 |  4- 6 |  7- 9 | 10-12 || total
-------------------------+-------+-------+-------+-------++-------
Melee: Staff             |       |       |     2 |     1 ||     3
 Cast: Magic Dart        |    73 |    48 |   198 |    34 ||   353
       Searing Ray       |     9 |    19 |    85 |    22 ||   135
       Fulminant Prism   |       |       |     6 |     2 ||     8
       Force Lance       |       |       |     3 |     7 ||    10
  Use: Scroll            |       |       |    15 |       ||    15
       Potion            |       |       |     4 |       ||     4
  Eat: Chunk             |     4 |       |    16 |     3 ||    23
       Ration            |       |     1 |     1 |     1 ||     3
Armor: Robe              |     2 |     1 |    31 |     5 ||    39
       Skin              |       |       |     5 |       ||     5
Dodge: Dodged            |     9 |    16 |    81 |    23 ||   129
